Map: King's Cove LE

Players

Farmersinnum - Winner!

  • Race: Zerg Zerg
  • League: Platinum
  • Spawn Location: 5:00

SandboX

  • Race: Zerg Zerg
  • League: Gold
  • Spawn Location: 11:00

VOD

Have the link to the VOD?

Description

Time

  • Played on: Aug. 10, 2019, 2:25 p.m.
  • Length: 8:28
Show
View Real Time Build Order
Export as new Build Order

Farmersinnum Zerg - Winner!

Build Orders: Hatch First 

Get SALT Encoding   

  12  0:01  Drone  
  13  0:13  Overlord  
  13  0:18  Drone  
  14  0:31  Drone x2  
  16  0:36  Drone  
  17  0:53  Hatchery  
  17  0:56  Drone  
  17  1:00  Drone  
  18  1:10  Extractor  
  17  1:16  Spawning Pool  
  16  1:19  Drone  
  16  1:23  Drone  
  18  1:29  Drone  
  19  1:39  Drone  
  20  1:51  Overlord  
  20  2:04  Zergling x2  
  20  2:05  Queen x2  
  20  2:08  Zergling x2  
  26  2:13  Zergling x2  
  26  2:14  Metabolic Boost  
  27  2:20  Drone  
  28  2:23  Drone  
  29  2:31  Drone  
  29  2:33  Drone  
  31  2:40  Drone  
  32  2:51  Drone  
  32  2:55  Drone  
  32  2:58  Drone  
  35  3:00  Hatchery  
  35  3:02  Overlord  
  34  3:09  Pneumatized Carapace  
  34  3:11  Drone  
  36  3:12  Drone  
  36  3:26  Zergling x4  
  38  3:32  Zergling x2  
  38  3:33  Zergling x8  
  43  3:35  Zergling x2  
  44  3:41  Baneling Nest  
  44  3:42  Drone  
  44  3:55  Overlord x2  
  44  4:05  Overlord x2  
  44  4:06  Overlord  
  44  4:17  Zergling x10  
  39  4:21  Zergling x8  
  46  4:28  Queen  
  46  4:29  Drone  
  49  4:33  Zergling x2  
  50  4:44  Drone x2  
  50  4:45  Drone x2  
  50  4:57  Baneling x2  
  50  5:02  Drone x3  
  50  5:03  Evolution Chamber x2, Roach Warren, Baneling  
  50  5:04  Baneling  
  50  5:08  Drone x2  
  52  5:17  Drone  
  53  5:24  Drone x6  
  53  5:25  Drone x2  
  59  5:43  Roach x4  
  59  5:44  Roach  
  61  5:55  Extractor  
  61  5:56  Extractor  
  59  5:58  Spine Crawler  
  59  5:59  Spine Crawler  
  61  6:04  Roach x6  
  61  6:05  Roach x3  
  61  6:07  Extractor  
  61  6:09  Drone  
  75  6:19  Queen  
  75  6:24  Drone x3  
  75  6:25  Drone  
  81  6:33  Lair  
  72  7:09  Roach x3  
  72  7:10  Roach x3  
  84  7:28  Hatchery  
  83  7:34  Drone  
  83  7:35  Overlord  
  83  7:36  Overlord x3  
Show
View Real Time Build Order
Export as new Build Order

SandboX Zerg 

Build Orders: Hatch First, Zergling Baneling 

Get SALT Encoding   

  12  0:01  Drone  
  13  0:12  Overlord  
  13  0:22  Drone  
  14  0:31  Drone x2  
  14  0:34  Drone  
  17  0:59  Drone, Hatchery  
  17  1:01  Drone  
  18  1:08  Drone  
  19  1:14  Extractor  
  18  1:21  Spawning Pool  
  18  1:24  Drone  
  18  1:32  Drone  
  19  1:44  Overlord  
  19  2:13  Zergling x2  
  19  2:14  Zergling x2  
  19  2:15  Drone x2  
  23  2:17  Queen x2  
  23  2:18  Metabolic Boost  
  27  2:24  Drone  
  29  2:30  Drone  
  29  2:32  Drone  
  30  2:48  Hatchery  
  29  2:52  Drone x2  
  31  3:00  Drone  
  31  3:01  Drone  
  31  3:02  Overlord  
  33  3:18  Baneling Nest  
  32  3:21  Zergling x8  
  36  3:40  Zergling x14  
  43  3:57  Overlord x3  
  39  4:21  Zergling x20  
  47  4:30  Queen  
  41  4:31  Queen  
  32  4:51  Baneling x4  
  32  4:52  Baneling x4  
  32  4:56  Zergling x8  
  32  4:57  Zergling x2  
  37  5:23  Drone x4  
  37  5:24  Drone x3  
  32  5:52  Zergling x18  
  40  5:58  Zergling x4  
  42  6:09  Zergling x8  
  42  6:10  Zergling x2  
  47  6:26  Zergling x14  
  47  6:32  Baneling x3  
  54  6:33  Baneling x2  
  54  6:34  Baneling  
  54  6:36  Baneling  
  54  6:37  Baneling  
  49  7:02  Zergling x16  
  43  7:21  Roach Warren  
  42  7:22  Lair  
  42  7:29  Extractor x2  
  40  7:31  Drone x4  
  39  7:38  Baneling x2  
  39  7:39  Baneling x5  
  39  7:46  Drone x2  
  41  7:51  Zergling x4  
  42  8:03  Zergling x8  
Tags
 
Add a new tag
Caveats
  • Supply blocks, unpowered buildings, or Contaminate may cause inaccurate times.
  • Supply counts are checked every 10 seconds.